 Dungeon Crawl Stone Soup version 0.29-a0-653-gd47aff6735 (webtiles) character file.

Game seed: 2291074177969819366

261 buhh the Bolt Thrower (level 6, -8/41 (44) HPs)
             Began as a Formicid Hunter on June 22, 2022.
             Mangled by a wolf spider simulacrum (16 damage)
             ... on level 13 of the Dungeon.
             The game lasted 00:07:18 (2954 turns).

buhh the Bolt Thrower (Formicid Hunter)             Turns: 2954, Time: 00:07:19

HP:   -8/41 (44)    AC:  3    Str: 15    XL:     6   Next: 42%
MP:   6/6           EV: 12    Int: 15    God:
Gold: 27            SH:  0    Dex: 19    Spells: 5/5 levels left

rFire   . . .      SeeInvis +   a - +1 hand crossbow
rCold   . . .      Faith    .   (no shield)
rNeg    . . .      Spirit   .   b - +0 leather armour
rPois   .          Reflect  .   (helmet unavailable)
rElec   .          Harm     .   (no cloak)
rCorr   .          Rampage  .   (no gloves)
Will    .....                   (no boots)
Stlth   ++........              (no amulet)
HPRegen 0.13/turn               c - +6 ring of intelligence
MPRegen 0.10/turn               (no ring)

@: spiked, drained
A: permanent stasis, dig shafts and tunnels, antennae 3, four strong arms
a: Dig, Shaft Self


You were on level 13 of the Dungeon.
You visited 1 branch of the dungeon, and saw 8 of its levels.

You collected 27 gold pieces.

Inventory:

Hand Weapons
 a - a +1 hand crossbow (weapon)
Armour
 b - a +0 leather armour (worn)
Jewellery
 c - a +6 ring of intelligence (left hand)
Wands
 G - a wand of paralysis (7)
Scrolls
 T - a scroll of immolation {!d}
Potions
 d - a potion of degeneration {unknown}
 f - a potion of attraction {unknown}
 N - 2 potions of curing {!q!d}
 U - 2 potions of mutation {!d}


   Skills:
 - Level 2.1 Fighting
 + Level 7.3 Crossbows
 - Level 1.7 Dodging
 - Level 1.2 Stealth


You had 5 spell levels left.
You didn't know any spells.
Your spell library was empty.

Dungeon Overview and Level Annotations

Branches:
Dungeon (7/15) Zot: 26679
 Temple: D:4-7

Altars:
Dithmenos
Yredelemnul


Innate Abilities, Weirdness & Mutations

You cannot be hasted, slowed, berserked, paralysed or teleported.
You can dig through walls and to a lower floor.
You have a pair of large antennae on your head. (SInv)
Your four strong arms can wield two-handed weapons with a shield.


Message History

You fall into a shaft and drop 3 floors!
The shaft crumbles and collapses.
You start resting.
You start resting.
HP restored.
You start waiting.
Done waiting.
A vampire mosquito comes into view.
The vampire mosquito buzzes angrily.
The vampire mosquito moves out of view.
Okay, then.
Okay, then.
Are you sure you want to shaft yourself?
You begin to dig a shaft.
You continue digging a shaft.
The vampire mosquito bites you!
The vampire mosquito draws strength from your injuries!
The vampire mosquito bites you.
The vampire mosquito draws strength from your injuries!
A shaft appears beneath you!
You fall into a shaft and drop 2 floors!
The shaft crumbles and collapses.
You start resting.
HP restored.
You start waiting.
Done waiting.
You start waiting.
Done waiting.
A wolf spider simulacrum comes into view.
A manticore comes into view.
The manticore flicks its tail.
The volley of spikes hits you!!
The barbed spikes become lodged in your body.
Okay, then.
The barbs in your skin will harm you if you move.
Continue?
Are you sure you want to shaft yourself?
You begin to dig a shaft.
You continue digging a shaft.
The wolf spider simulacrum hits you!
* * * LOW HITPOINT WARNING * * *
The wolf spider simulacrum freezes you!
You die...

.. .. ## #. .
#.###. #....#
# ..#.#.#
#.#...# #@.#
#.. ##Z# ....
#H##...#.
##........
#####.........
#...#.........
#.............
#........#.#..
#######.......


You could see a manticore and a wolf spider simulacrum.

Vanquished Creatures
  A hound (D:4)
  2 orc priests
  Jessica (D:3)
  An orc wizard (D:8)
  5 gnolls (D:2)
  An adder (D:3)
  A shadow imp (D:8)
  A worm (D:3)
  A dart slug (D:3)
  5 orcs
  2 ball pythons
  6 endoplasms
  4 giant cockroaches
  5 goblins
  3 hobgoblins
  6 kobolds (D:1)
  2 quokkas
  2 bats (D:1)
  3 frilled lizards
  4 rats
56 creatures vanquished.

Notes
Turn   | Place    | Note
-------+----------+-------------------------------------------
     0 | D:1      | buhh the Formicid Hunter began the quest for the Orb.
     0 | D:1      | Reached XP level 1. HP: 16/16 MP: 1/1
     2 | D:1      | Noticed a vine stalker
     2 | D:1      | Noticed a demigod
     4 | D:1      | Noticed a ghoul
     4 | D:1      | Noticed an ogre
     8 | D:1      | Noticed a gargoyle
     8 | D:1      | Noticed a vampire
    10 | D:1      | Noticed an elf
    12 | D:1      | Noticed a demonspawn
    14 | D:1      | Noticed an octopode
    14 | D:1      | Noticed a draconian
    16 | D:1      | Noticed a dwarf
    18 | D:1      | Noticed a spriggan
    18 | D:1      | Noticed a minotaur
    20 | D:1      | Noticed a formicid
    20 | D:1      | Noticed a troll
    22 | D:1      | Noticed a felid
    22 | D:1      | Noticed a naga
    24 | D:1      | Noticed a human
    24 | D:1      | Noticed a merfolk
    26 | D:1      | Noticed a tengu
   151 | D:1      | Reached XP level 2. HP: 22/22 MP: 2/2
   364 | D:1      | Reached XP level 3. HP: 27/27 MP: 3/3
   504 | D:1      | Reached skill level 5 in Crossbows
   770 | D:2      | Reached XP level 4. HP: 19/33 MP: 4/4
  1096 | D:2      | You fall into a shaft and drop 2 floors!
  1106 | D:4      | Noticed an ogre
  1140 | D:3      | Noticed Jessica
  1143 | D:3      | Killed Jessica
  1144 | D:3      | Reached skill level 6 in Crossbows
  1144 | D:3      | Reached XP level 5. HP: 28/38 MP: 5/5
  1294 | D:4      | Reached XP level 6. HP: 9/44 MP: 6/6
  1451 | D:4      | Found a basalt altar of Yredelemnul.
  1483 | D:4      | You fall into a shaft and drop 3 floors!
  1932 | D:7      | Noticed a sky beast
  1935 | D:7      | You fall into a shaft and drop 1 floor!
  1960 | D:8      | Found a shadowy altar of Dithmenos.
  1970 | D:8      | Reached skill level 7 in Crossbows
  2259 | D:8      | You fall into a shaft and drop 3 floors!
  2629 | D:11     | Noticed a vampire mosquito
  2632 | D:11     | Noticed a vampire mosquito
  2633 | D:11     | Noticed an unseen horror
  2634 | D:11     | You fall into a shaft and drop 2 floors!
  2946 | D:13     | Noticed a wolf spider simulacrum
  2947 | D:13     | Noticed a manticore
  2954 | D:13     | Mangled by a wolf spider simulacrum

Illustrated notes

Levels and vault maps discovered:
D:1:      kb_arrival_jail, layout_rooms, serial_forest,
          infiniplex_forest_lined_3, infiniplex_forest_fountain,
          infiniplex_forest_lined_corner, infiniplex_forest_lined_1,
          infiniplex_forest_corner_1, infiniplex_forest_straight_2
D:2:      layout_loops_ring, dk_vineyard_1, minivault_14
D:3:      layout_loops_cross, chequers_ecumenical_altar_island, minmay_puff,
          uniq_crazy_yiuf_cottage, uniq_ijyb, uniq_jessica
D:4:      layout_cave_pods, mainiacjoe_overflow_24_doors,
          gup_sewer_entry_bubbles
D:7:      layout_loops_cross
D:8:      layout_basic, mainiacjoe_overflow_cross_hatched,
          mainiacjoe_overflow_alcove_2,
          mainiacjoe_overflow_concentric_impassable, amcnicky_altar_gilded
D:11:     kennysheep_spiral_hall, layout_loops_ring, david_orc_2
D:13:     layout_rooms, serial_ice, serial_ice_g, serial_ice_c, serial_ice_b,
          serial_ice_h, serial_ice_e, serial_ice_k, serial_ice_o, serial_ice_f,
          serial_shops, nicolae_lakefront_shop, shop_fountains,
          minmay_lizard_king, uniq_snorg, uniq_jorgrun

Skill      XL: |  1  2  3  4  5  6 |
---------------+-------------------+-----
Crossbows      | 5 6 7 |  7.3
Fighting       | |  2.1
Dodging        | |  1.7
Stealth        | |  1.2

Action                   |  1- 3 |  4- 6 || total
-------------------------+-------+-------++-------
 Fire: Hand crossbow     |    64 |   107 ||   171
 Abil: Dig               |     4 |       ||     4
       Shaft Self        |       |     6 ||     6
  Use: Scroll            |       |     3 ||     3
       Potion            |       |     1 ||     1
Armor: Leather armour    |       |     6 ||     6
Dodge: Dodged            |     7 |    23 ||    30

Table legend: (Time is in decaauts)
 A = Elapsed time spent in this place.
 B = Non-inter-level travel time spent in this place.
 C = Inter-level travel time spent in this place.
 D = Time resting spent in this place.
 E = Time spent auto-exploring this place.
 F = Levels seen in this place.
 G = Mean time per level.
                   A        B        C        D        E       F      G
               +--------+--------+--------+--------+--------+-----+--------+
         Total |   2993 |   2971 |     22 |   1416 |    635 |   8 |  374.1 |
       Dungeon |   2993 |   2971 |     22 |   1416 |    635 |   8 |  374.1 |
               +--------+--------+--------+--------+--------+-----+--------+

Top non-repeatable levels by time:
     D:1: 706 daAuts
     D:7: 451 daAuts
     D:2: 413 daAuts
    D:11: 374 daAuts
     D:8: 330 daAuts
    D:13: 319 daAuts
     D:4: 200 daAuts
     D:3: 197 daAuts
